 Dungeon Crawl Stone Soup version 0.19-a0-1051-gdb7e7f8 (webtiles) character file.

991 Musica the Shield-Bearer (level 8, -11/65 HPs)
             Began as a Formicid Fighter on Aug 2, 2016.
             Was an Initiate of Makhleb.
             Mangled by an ogre
             ... wielding a +0 giant club
              (25 damage)
             ... on level 5 of the Dungeon.
             The game lasted 00:10:03 (3496 turns).

Musica the Shield-Bearer (Formicid Fighter)         Turns: 3496, Time: 00:10:04

Health: -11/65     AC: 10    Str: 21    XL:     8   Next: 42%
Magic:  9/9        EV:  7    Int:  8    God:    Makhleb [......]
Gold:   189        SH: 11    Dex: 12    Spells: 0 memorised, 7 levels left

rFire  . . .     SeeInvis +     v - +3 quarterstaff (chaos)
rCold  . . .     Gourm    .     l - +0 chain mail
rNeg   . . .     Faith    .     c - +0 shield
rPois  .         Spirit   .     (helmet unavailable)
rElec  .         Dismiss  .     p - +0 cloak
rCorr  .         Reflect  .     (no gloves)
SustAt .         Harm     .     (no boots)
MR     .....                    (no amulet)
Stlth  ..........               (no ring)
                                (no ring)

@: lethally poisoned (-11 -> -14), not resistant to hostile enchantments,
extremely unstealthy
A: permanent stasis, dig shafts and tunnels, four strong arms, antennae 3
a: Dig, Shaft Self, Renounce Religion


You were on level 5 of the Dungeon.
You worshipped Makhleb.
Makhleb was noncommittal.
You were not hungry.

You visited 1 branch of the dungeon, and saw 6 of its levels.

You collected 189 gold pieces.

Inventory:

Hand Weapons
 a - a +0 trident
 v - a +3 quarterstaff of chaos (weapon)
Missiles
 k - 8 tomahawks
 y - 4 javelins of penetration (quivered)
 J - a throwing net
Armour
 c - a +0 shield (worn)
 l - a +0 chain mail (worn)
 p - a +0 cloak (worn)
 t - a +0 leather armour of cold resistance
Jewellery
 g - an uncursed amulet of magic regeneration
 B - an uncursed ring of wizardry {unknown}
Wands
 b - a wand of confusion (39/48)
 z - a wand of polymorph (12/24)
 G - a wand of teleportation (4/9)
Scrolls
 e - 6 scrolls of remove curse
 i - 3 scrolls of identify
 j - a scroll of magic mapping {unknown}
 n - a scroll of noise {unknown}
 o - a scroll of fog {unknown}
 r - 2 scrolls of immolation {unknown}
 u - a scroll of amnesia {unknown}
 w - 2 scrolls of teleportation {unknown}
 D - 2 scrolls of blinking {unknown}
 F - a scroll of enchant armour {unknown}
Potions
 d - 2 potions of might
 h - 3 potions of brilliance {unknown}
 m - 2 potions of haste {unknown}
 q - 3 potions of curing {unknown}
 s - 2 potions of agility {unknown}
 A - a potion of heal wounds {unknown}
 C - 2 potions of lignification {unknown}
Comestibles
 f - 3 bread rations
 x - a fruit
 E - 2 royal jellies
 H - a meat ration
 I - 5 chunks of flesh


   Skills:
 + Level 6.8 Fighting
 - Level 3.0(3.7) Polearms
 + Level 3.2(3.8) Staves
 + Level 1.9 Throwing
 - Level 3.2 Armour
 + Level 7.1 Shields
 * Level 2.5 Invocations


You had 7 spell levels left.
You didn't know any spells.

Dungeon Overview and Level Annotations

Branches:
Dungeon (6/15)
 Temple: D:4-7

Altars:
Fedhas
Gozag
Makhleb
Okawaru
Sif Muna
Xom
Zin


Innate Abilities, Weirdness & Mutations

You are under a permanent stasis effect.
You can dig through walls and to a lower floor.
Your four strong arms can wield two-handed weapons with a shield.
You have a pair of large antennae on your head. (SInv)


Message History

You feel sick. You block the jackal's attack.
You sock the ogre!
The ogre is heavily wounded.
You feel sick.
The ogre is no longer moving slowly.
You block the jackal's attack. The ogre hits you with a giant club!!
You block the jackal's attack.
You barely miss the ogre.
The ogre is heavily wounded.
You block the jackal's attack. The ogre closely misses you.
You sock the ogre!
The ogre goes berserk!
The ogre is severely wounded.
You feel sick. The jackal barely misses you.
The ogre hits you with a giant club!
* * * LOW HITPOINT WARNING * * *
You block the jackal's attack.
You are too injured to fight recklessly!
You hit the ogre. You freeze the ogre.
The ogre is almost dead.
The ogre hits you with a giant club!!
You die...

#. #..##..# #[.#...#..#
#..#...†..#####
...............
##.#.[....##### ##.....#
.. #†.#..# #.# #.
##O#..# #.# . #@h..#
###.#### ........#..#
#......#
........#..######......#
.......##..............'
....... #######.#......#
....... #.###.##.#
....... #.###....#
....... #.....#### {
####### #


You could see an ogre (berserk) and a jackal.

Vanquished Creatures
  Edmund (D:4)
  Duvessa (D:4)
  An ogre (D:4)
  Dowan (D:4)
  A howler monkey (D:4)
  A crimson imp (D:4)
  A centaur zombie (D:5)
  2 hounds (D:4)
  An orc priest (D:3)
  Crazy Yiuf (D:2)
  Natasha (D:4)
  2 iguanas (D:4)
  5 worker ants
  A worker ant zombie (D:5)
  9 adders
  4 gnolls (D:4)
  2 oozes
  A worm (D:5)
  2 dart slugs (D:1)
  2 giant geckos
  6 orcs
  2 ball pythons
  3 giant cockroaches
  4 goblins
  4 hobgoblins
  3 jackals (D:5)
  6 bats
  3 giant newts
  7 kobolds
  4 rats
82 creatures vanquished.

Notes
Turn   | Place    | Note
-------+----------+-------------------------------------------
     0 | D:1      | Musica the Formicid Fighter began the quest for the Orb.
     0 | D:1      | Reached XP level 1. HP: 18/18 MP: 1/1
   146 | D:1      | Reached XP level 2. HP: 24/24 MP: 2/2
   268 | D:1      | Reached skill level 4 in Shields
   357 | D:1      | Reached XP level 3. HP: 30/30 MP: 3/3
   806 | D:2      | Found a runed door.
   887 | D:2      | Reached XP level 4. HP: 29/37 MP: 4/4
   900 | D:2      | Found a glowing silver altar of Zin.
   900 | D:2      | Found an iron altar of Okawaru.
   901 | D:2      | Found a deep blue altar of Sif Muna.
   908 | D:2      | Found a blossoming altar of Fedhas.
   951 | D:2      | Found an opulent altar of Gozag.
  1673 | D:2      | Noticed Crazy Yiuf
  1685 | D:2      | Killed Crazy Yiuf
  1685 | D:2      | Reached XP level 5. HP: 32/43 MP: 5/5
  1881 | D:3      | Reached skill level 5 in Shields
  2383 | D:4      | Reached skill level 5 in Fighting
  2383 | D:4      | Reached XP level 6. HP: 39/51 MP: 6/6
  2403 | D:4      | Reached skill level 1 in Staves
  2436 | D:4      | Reached skill level 1 in Throwing
  2452 | D:5      | Entered Level 5 of the Dungeon
  2484 | D:4      | Reached skill level 6 in Shields
  2564 | D:4      | Reached XP level 7. HP: 56/56 MP: 7/7
  2679 | D:4      | Noticed Duvessa
  2686 | D:4      | Noticed Dowan
  2694 | D:4      | Killed Duvessa
  2699 | D:4      | Killed Dowan
  2761 | D:4      | Found a shimmering altar of Xom.
  2804 | D:4      | Found a burning altar of Makhleb.
  2809 | D:4      | Became a worshipper of Makhleb the Destroyer
  2888 | D:4      | Got a twisted dagger
  2899 | D:4      | Identified the +1 dagger "Impslayer" {holy, rPois MR+ Stlth+} (You found it on level 4 of the Dungeon)
  3022 | D:4      | Noticed Edmund
  3039 | D:4      | Killed Edmund
  3039 | D:4      | Reached skill level 1 in Invocations
  3092 | D:4      | Reached XP level 8. HP: 64/64 MP: 7/9
  3261 | D:4      | Noticed Natasha
  3266 | D:4      | Killed Natasha
  3277 | D:4      | Reached skill level 7 in Shields
  3496 | D:5      | Mangled by an ogre

Vault maps used:
D:1:      minmay_arrival_loop, minmay_misc_feat_five
D:2:      nicolae_overflow_quartered_altars, grunt_gozag_breadcrumbs,
          uniq_crazy_yiuf_cottage
D:3:      first_bread
D:4:      grunt_temple_overflow_champion_of_chaos, uniq_natasha, uniq_edmund,
          uniq_duvessa
D:5:      kennysheep_mini
D:6:      minmay_cornered_nines, kennysheep_ying_yang, hangedman_decor_opposing,
          uniq_grinder, uniq_pikel, uniq_eustachio, uniq_blork_the_orc

Skill      XL: |  1  2  3  4  5  6  7  8 |
---------------+-------------------------+-----
Shields        | 4 5 6 7 |  7.1
Fighting       | 4 5 6 |  6.8
Polearms       | 3 |  3.0
Staves         | 1 2 3 |  3.2
Throwing       | 1 |  1.9
Invocations    | 1 2 |  2.5
Armour         | |  3.2

Action                   |  1- 3 |  4- 6 |  7- 9 || total
-------------------------+-------+-------+-------++-------
Melee: Trident           |    83 |    51 |       ||   134
       Quarterstaff      |       |    72 |    91 ||   163
       Unarmed           |       |       |    14 ||    14
Throw: Tomahawk          |       |     6 |       ||     6
       Javelin           |       |       |     8 ||     8
  Use: Scroll            |       |     2 |     1 ||     3
 Stab: Confused          |       |       |     2 ||     2
  Eat: Chunk             |       |     6 |     3 ||     9
Armor: Scale mail        |    27 |       |       ||    27
       Chain mail        |     9 |    50 |    36 ||    95
       Skin              |       |       |     3 ||     3
Dodge: Dodged            |    14 |    18 |    24 ||    56
Block: Shield            |    36 |    63 |    41 ||   140
